 Dungeon Crawl Stone Soup version 0.31.0-11-ge490571c62 (webtiles) character file.

Game seed: 6349379721054830928

722 qw the Shooter (level 7, 0/35 HPs)
             Began as a Spriggan Hunter on Feb 4, 2024.
             Succumbed to a scorpion's poison
             ... on level 4 of the Dungeon.
             The game lasted 00:00:14 (3363 turns).

qw the Shooter (Spriggan Hunter)                    Turns: 3363, Time: 00:00:15

Health: 0/35       AC:  2    Str:  7    XL:     7   Next: 43%
Magic:  8/8        EV: 22    Int: 11    God:
Gold:   230        SH:  0    Dex: 20    Spells: 6/6 levels left

rFire   . . .        a - +0 shortbow
rCold   . . .        (shield currently unavailable)
rNeg    + . .        c - +0 robe
rPois   .            (helmet restricted)
rElec   .            (no cloak)
rCorr   .            (gloves unavailable)
SInv    +            (boots unavailable)
Will    +....        (no amulet)
Stlth   ++           e - ring of positive energy
HPRegen 0.25/turn    (no ring)
MPRegen 0.11/turn

%: no passive effects
@: lethally poisoned (0 -> -11), about to teleport, very quick
A: very small, no large weapons, unfitting armour, see invisible, speed 3
a: no special abilities


You were on level 4 of the Dungeon.
You visited 1 branch of the dungeon, and saw 4 of its levels.
You also visited: Ossuary.

You collected 230 gold pieces.


Innate Abilities, Weirdness & Mutations

You are very small and have problems with some larger weapons.
You are too small for most types of armour.
You have supernaturally acute eyesight. (SInv)
You cover ground extremely quickly. (Speed+++)


   Skills:
 - Level 2.4 Fighting
 + Level 7.3 Ranged Weapons
 - Level 7.0 Dodging
 - Level 1.5 Stealth


You had 6 spell levels left.
You didn't know any spells.
Your spell library was empty.

Inventory:

Hand Weapons
 a - a +0 shortbow (weapon)
Armour
 c - a +0 robe (worn)
Jewellery
 e - a ring of positive energy (left hand)
Scrolls
 g - 2 scrolls of teleportation
 k - a scroll of enchant armour
 l - a scroll of identify
Potions
 b - a potion of haste
 d - a potion of mutation
 f - a potion of cancellation {unknown}
 h - a potion of might
 i - 3 potions of curing
 j - 2 potions of attraction {unknown}

Dungeon Overview and Level Annotations

Branches:
Dungeon (4/15)            Ossuary (visited)
 Temple: D:4-7

Altars:
Hepliaklqana
Vehumet
Yredelemnul

Annotations:
D:2 1 runed translucent door, Crazy Yiuf


Message History

The scorpion is moderately wounded.
The scorpion barely misses you.
You shoot an arrow. The arrow barely misses the scorpion.
The scorpion closely misses you.
You shoot an arrow. The arrow barely misses the scorpion.
The scorpion misses you. The scorpion stings you.
You are poisoned.
The scorpion poisons you!
You shoot an arrow. The arrow barely misses the scorpion.
You feel very sick. The scorpion closely misses you.
You shoot an arrow. The arrow closely misses the scorpion.
You feel sick. The scorpion completely misses you.
You shoot an arrow.
The arrow hits the scorpion but does no damage.
The scorpion is moderately wounded.
You feel sick. The scorpion barely misses you.
You shoot an arrow. The arrow hits the scorpion.
The scorpion is heavily wounded.
You feel sick. The scorpion stings you.
You are more poisoned.
The scorpion poisons you! The scorpion stings you.
You are lethally poisoned!
The scorpion poisons you!
You shoot an arrow. The arrow hits the scorpion.
The scorpion is almost dead.
You feel extremely sick. The scorpion barely misses you.
You shoot an arrow.
The arrow hits the scorpion but does no damage.
The scorpion is severely wounded.
You feel very sick. The scorpion completely misses you.
3362 ||| READING 3 scrolls of teleportation.
As you read the scroll of teleportation, it crumbles to dust.
You feel strangely unstable.
You feel very sick. The scorpion closely misses you.
You shoot an arrow. The arrow closely misses the scorpion.
You die...

########...###.################.#
########...##.....# #.#
###............#### #.#
#########.....## #.#
#########.#...########## #.#
###.......>.....(......########..
###.#######..###.##...........%..
###).............##.##.##....##..
###.########.###@##.##.##....##.#
###.########...s.##.##..#....##.#
###[########.....##.###......##.#
###........+.....##.# ##.....##.#
###.#####.##.....##.# #.######.#
#.# *,*#........# #...###### #.#
*,,.....##### ###.......
#.#*****#.....* #.######
#..,,,,,,,,,,,* #.## #..


You could see a scorpion.

Vanquished Creatures
  Menkaure (D:3)
  A weeping skull (Ossuary)
  An elf zombie (Ossuary)
  A scorpion (D:3)
  3 human zombies (Ossuary)
  A jelly (D:4)
  2 hounds (D:4)
  A spectral scorpion (Ossuary)
  A hound zombie (Ossuary)
  3 mummies (Ossuary)
  3 adders
  5 adder zombies (Ossuary)
  2 dart slugs (D:1)
  3 ribbon worms
  10 orcs
  4 ball pythons
  5 endoplasms
  3 giant cockroaches
  A gnoll zombie (Ossuary)
  5 goblins
  5 hobgoblins
  2 jackals (D:2)
  3 quokkas
  4 ball python zombies (Ossuary)
  4 bats
  A frilled lizard (D:3)
  4 jackal zombies (Ossuary)
  8 kobolds
  3 kobold zombies (Ossuary)
  3 orc zombies (Ossuary)
  3 rats
96 creatures vanquished.

Notes
Turn   | Place    | Note
-------+----------+-------------------------------------------
     0 | D:1      | qw the Spriggan Hunter began the quest for the Orb.
     0 | D:1      | Reached XP level 1. HP: 10/10 MP: 2/2
     0 | D:1      | 0 ||| qw: Version: 0.3-a-160-g6735b56
     0 | D:1      | 0 ||| qw: Game counter: 5124
     0 | D:1      | 0 ||| qw: Melee chars always use a shield: true
     0 | D:1      | 0 ||| qw: God list: Okawaru
     0 | D:1      | 0 ||| qw: Allow faded altars: false
     0 | D:1      | 0 ||| qw: Do Orc after clearing Dungeon:15 true
     0 | D:1      | 0 ||| qw: Do second Lair branch before Depths: true
     0 | D:1      | 0 ||| qw: Lair rune preference: random
     0 | D:1      | 0 ||| qw: Goals: Normal
     0 | D:1      | 0 ||| PLANNING D:1-11
    91 | D:1      | Reached skill level 3 in Dodging
   179 | D:1      | Reached XP level 2. HP: 14/14 MP: 3/3
   759 | D:1      | 759 ||| UPGRADING to ring of positive energy.
   760 | D:1      | 760 ||| READING scroll labelled JOYPIW CASOTI.
   761 | D:1      | 761 ||| READING scroll labelled AXZEDA QEWNYP.
   761 | D:1      | 761 ||| ENCHANTING +0 shortbow.
   762 | D:1      | 762 ||| READING 2 scrolls labelled TIUGRIXELU.
   767 | D:1      | 767 ||| READING 2 scrolls labelled ATIERU MILEKIC.
   767 | D:1      | 767 ||| IDENTIFYING orange potion
   768 | D:1      | 768 ||| READING scroll of identify.
   768 | D:1      | 768 ||| IDENTIFYING green potion
   769 | D:1      | 769 ||| DROPPING scroll of butterflies.
   780 | D:2      | 780 ||| STAIRDANCE
   784 | D:1      | Reached XP level 3. HP: 18/18 MP: 4/4
   852 | D:2      | Found a runed translucent door.
   853 | D:2      | Noticed Crazy Yiuf
  1479 | D:3      | Found a faded altar of an unknown god.
  1577 | D:3      | Reached XP level 4. HP: 22/22 MP: 5/5
  2014 | D:3      | 2014 ||| READING scroll labelled CILIAC HIFOMAO.
  2115 | D:3      | 2115 ||| DRINKING 2 fuming golden potions.
  2118 | D:4      | Noticed Menkaure
  2118 | D:4      | Found a basalt altar of Yredelemnul.
  2118 | D:4      | Found a hazy altar of Hepliaklqana.
  2118 | D:4      | Found a radiant altar of Vehumet.
  2119 | D:4      | 2119 ||| PLANNING OSSUARY
  2119 | D:4      | Noticed a scorpion
  2121 | D:4      | 2121 ||| STAIRDANCE
  2127 | D:3      | Killed Menkaure
  2128 | D:3      | Reached skill level 6 in Dodging
  2128 | D:3      | Reached XP level 5. HP: 25/25 MP: 6/6
  2139 | D:4      | 2139 ||| STAIRDANCE
  2230 | D:4      | Reached XP level 6. HP: 32/32 MP: 7/7
  2335 | D:4      | Found a sand-covered staircase.
  2336 | D:4      | 2336 ||| READING scroll labelled ALLASI OPROLU.
  2370 | Ossuary  | Entered an ossuary
  2486 | Ossuary  | Reached skill level 6 in Ranged Weapons
  2638 | Ossuary  | Reached XP level 7. HP: 32/35 MP: 8/8
  2882 | Ossuary  | 2882 ||| READING scroll of identify.
  2882 | Ossuary  | 2882 ||| IDENTIFYING clear potion
  2883 | Ossuary  | 2883 ||| READING scroll labelled SEINNU AFFEE.
  2884 | Ossuary  | 2884 ||| READING scroll labelled QUFYINIL OSHAS.
  2892 | D:4      | 2892 ||| PLANNING D:1-11
  3361 | D:4      | HP: 7/35 [poisoned by a scorpion]
  3362 | D:4      | 3362 ||| READING 3 scrolls of teleportation.
  3362 | D:4      | HP: 3/35 [poisoned by a scorpion]
  3363 | D:4      | Succumbed to a scorpion's poison

Levels and vault maps discovered:
D:1:      dpeg_arrival_stone_temple_mockup, layout_loops_corners
D:2:      layout_rooms, uniq_crazy_yiuf_cottage
D:3:      layout_loops_corners, hellmonk_ecumenical_altar_run_dry
D:4:      layout_basic, chequers_temple_overflow_statue_of_worship,
          enter_ossuary_3, supply_closet_lemuel, chequers_mini_garden,
          uniq_menkaure

Skill      XL: |  1  2  3  4  5  6  7 |
---------------+----------------------+-----
Dodging        | 3 4 6 7 |  7.0
Ranged Weapons | 5 6 7 |  7.3
Fighting       | 2 |  2.4
Stealth        | |  1.5

Action                     |  1- 3 |  4- 6 |  7- 9 || total
---------------------------+-------+-------+-------++-------
   Fire: Shortbow          |   104 |   179 |   116 ||   399
    Use: Scroll            |     5 |     2 |     4 ||    11
         Potion            |       |     1 |       ||     1
 Armour: Robe              |     7 |    20 |    18 ||    45
  Dodge: Dodged            |    27 |    85 |    57 ||   169

Table legend:
 A = Non-vault XP
 B = Vault XP
 C = Vault XP percentage of total XP
 D = Non-vault monster count
 E = Vault monster count
 F = Vault count percentage of total count
                 A         B        C        D         E       F
            +---------+---------+-------+---------+---------+-------
      Total |     383 |     649 |  62.9 |      65 |      31 |  32.3
            +---------+---------+-------+---------+---------+-------
        D:1 |      51 |       0 |   0.0 |      22 |       0 |   0.0
        D:2 |      39 |       0 |   0.0 |      12 |       0 |   0.0
        D:3 |     116 |     169 |  59.3 |      14 |       1 |   6.7
        D:4 |     177 |       0 |   0.0 |      17 |       0 |   0.0
    Ossuary |       0 |     480 | 100.0 |       0 |      30 | 100.0
            +---------+---------+-------+---------+---------+-------
